 Dungeon Crawl Stone Soup version 0.21.0 (webtiles) character file.

136 AgrsvlyMoist the Slasher (level 5, 0/41 HPs)
             Began as a Barachi Berserker on July 26, 2018.
             Was a Believer of Trog.
             Slain by a gnoll
             ... wielding a cursed +0 halberd
              (5 damage)
             ... on level 3 of the Dungeon.
             The game lasted 00:10:11 (1572 turns).

AgrsvlyMoist the Slasher (Barachi Berserker)        Turns: 1572, Time: 00:10:12

Health: 0/41       AC:  5    Str: 19    XL:     5   Next: 19%
Magic:  5/5        EV: 11    Int:  8    God:    Trog [**....]
Gold:   93         SH:  0    Dex: 11    Spells: 4/4 levels left

rFire    . . .     SeeInvis .   a - +0 falchion
rCold    . . .     Gourm    .   (no shield)
rNeg     + . .     Faith    .   d - +0 ring mail
rPois    .         Spirit   .   (no helmet)
rElec    .         Reflect  .   (no cloak)
rCorr    .         Harm     .   (no gloves)
MR       .....                  (no boots)
Stlth    +.........             (no amulet)
HPRegen  0.13/turn              f - ring of positive energy
MPRegen  0.09/turn              (no ring)

@: berserk cooldown, slowed, very slow
A: +LOS, swims, slowness 1, strong legs 1
a: Hop, Berserk, Trog's Hand, Burn Spellbooks, Renounce Religion


You were on level 3 of the Dungeon.
You worshipped Trog.
Trog was pleased with you.
You were near starving.

You visited 1 branch of the dungeon, and saw 3 of its levels.

You collected 93 gold pieces.

Inventory:

Hand Weapons
 a - a +0 falchion (weapon)
Armour
 b - a +0 animal skin
 d - a +0 ring mail (worn)
Jewellery
 f - a ring of positive energy (left hand)
 i - an uncursed ring of magical power {unknown}
 m - an uncursed amulet of inaccuracy
Scrolls
 j - a scroll of blinking
 k - a scroll of enchant weapon
Potions
 e - a potion of cancellation {unknown}
 g - 2 potions of degeneration {unknown}
 h - a potion of haste {unknown}
 n - a potion of agility {unknown}
 o - 2 potions of brilliance {unknown}
 p - a potion of curing {unknown}
Comestibles
 c - 2 rations


   Skills:
 - Level 3.6 Fighting
 + Level 6.9 Long Blades
 - Level 2.4 Armour
 - Level 2.1 Dodging


You had 4 spell levels left.
You didn't know any spells.

Dungeon Overview and Level Annotations

Branches:
Dungeon (3/15)

Altars:
The Shining One

Annotations:
D:3 spsoon's ghost, amateur TeAE


Innate Abilities, Weirdness & Mutations

Shadows flee at your approach. (+LOS)
You can swim through water.
You cover ground slowly.
You can hop short distances.


Message History

You slash the gnoll!
You kill the gnoll!
Trog accepts your kill.
The gnoll hits you from afar with a halberd.
Spsoon's ghost points at you and mumbles some strange words.
The zap hits you! The gnoll hits you but does no damage.
Spsoon's ghost hits you but does no damage.
The gnoll closely misses you. The gnoll hits you with a halberd.
Spsoon's ghost misses you.
You riposte.
You hit spsoon's ghost.
Spsoon's ghost is heavily damaged.
You see here a gnoll corpse.
You closely miss spsoon's ghost.
Spsoon's ghost is heavily damaged.
The gnoll hits you from afar with a halberd!
* * * LOW HITPOINT WARNING * * *
Spsoon's ghost hits you.
* * * LOW HITPOINT WARNING * * *
The gnoll hits you with a halberd.
You die...

#......#
#.)....#
#<.)...#
#......#
#......#
##.######
###..#
#Wgg##
##@###
#..#
#..##
...##
...##
#... #..
##


You could see spsoon's ghost and 2 gnolls.

Vanquished Creatures
  Natasha (twice) (D:2)
  Terence (D:3)
  An adder (D:2)
  A gnoll (D:3)
  An ooze (D:2)
  A worm (D:2)
  3 dart slugs (D:1)
  6 hobgoblins
  7 kobolds
  3 bats
  3 frilled lizards
  9 goblins
  6 rats
44 creatures vanquished.

Notes
Turn   | Place    | Note
-------+----------+-------------------------------------------
     0 | D:1      | AgrsvlyMoist the Barachi Berserker began the quest for the Orb.
     0 | D:1      | Reached XP level 1. HP: 18/18 MP: 1/1
    60 | D:1      | Reached skill level 4 in Long Blades
   124 | D:1      | Reached XP level 2. HP: 24/24 MP: 2/2
   391 | D:1      | Reached ** piety under Trog
   391 | D:1      | Reached XP level 3. HP: 29/29 MP: 3/3
   396 | D:1      | Reached skill level 5 in Long Blades
   679 | D:2      | Noticed Natasha
   688 | D:2      | Killed Natasha
   688 | D:2      | Reached XP level 4. HP: 14/36 MP: 4/4
  1010 | D:2      | Reached skill level 6 in Long Blades
  1190 | D:2      | Found a glowing golden altar of the Shining One.
  1330 | D:2      | Noticed Natasha
  1337 | D:2      | Killed Natasha
  1547 | D:3      | Noticed Terence
  1547 | D:3      | Noticed spsoon's ghost (amateur TeAE)
  1555 | D:3      | Killed Terence
  1555 | D:3      | Reached XP level 5. HP: 34/41 MP: 5/5
  1572 | D:3      | Slain by a gnoll

Skill      XL: |  1  2  3  4 |
---------------+-------------+-----
Long Blades    | 4 5 6 |  6.9
Fighting       | |  3.6
Armour         | |  2.4
Dodging        | |  2.1

Action                   |  1- 3 |  4- 6 || total
-------------------------+-------+-------++-------
Melee: Falchion          |    84 |    57 ||   141
Invok: Berserk           |     2 |     1 ||     3
       Trog's Hand       |       |     1 ||     1
 Abil: Hop               |     1 |       ||     1
  Use: Scroll            |       |     4 ||     4
       Potion            |       |     2 ||     2
  Eat: Chunk             |     1 |     3 ||     4
Armor: Ring mail         |    23 |    22 ||    45
Dodge: Dodged            |    42 |    32 ||    74
       Rpst.: Falchion   |     8 |     9 ||    17
